 Dungeon Crawl Stone Soup version 0.27-a0-96-gb51a1d6fd6 (webtiles) character file.

Game seed: 12953267271527301023

399 timneilson the Shield-Bearer (level 6, -10/38 HPs)
             Began as a Gargoyle Fighter on Jan 20, 2021.
             Mangled by an ogre
             ... wielding a +0 giant spiked club
              (29 damage)
             ... on level 4 of the Dungeon.
             The game lasted 00:05:34 (3429 turns).

timneilson the Shield-Bearer (Gargoyle Fighter)     Turns: 3429, Time: 00:05:35

Health: -10/38     AC: 14    Str: 21    XL:     6   Next: 84%
Magic:  6/6        EV:  7    Int:  9    God:
Gold:   262        SH: 10    Dex:  9    Spells: 5/5 levels left

rFire    . . .     SeeInvis .   a - +1 long sword
rCold    . . .     Faith    .   c - +1 kite shield
rNeg     + . .     Spirit   .   b - +0 scale mail
rPois    ∞         Reflect  .   o - +0 helmet
rElec    +         Harm     .   i - +0 cloak
rCorr    .         Rampage  .   (no gloves)
Will     +....                  (no boots)
Stlth    +.........             (no amulet)
HPRegen  0.12/turn              s - ring of stealth
MPRegen  0.10/turn              t - ring of willpower

@: no status effects
A: negative energy resistance 1, electricity resistance, unbreathing,
petrification resistance, miasma immunity, AC +4
a: no special abilities


You were on level 4 of the Dungeon.
You visited 1 branch of the dungeon, and saw 5 of its levels.

You collected 262 gold pieces.

Inventory:

Hand Weapons
 a - a +1 long sword (weapon)
Armour
 b - a +0 scale mail (worn)
 c - a +1 kite shield (worn)
 i - a +0 cloak (worn)
 j - a +0 chain mail
 o - a +0 helmet (worn)
Jewellery
 s - a ring of stealth (left hand)
 t - a ring of willpower (right hand)
Wands
 p - a wand of random effects (19)
Scrolls
 f - a scroll of fog
 q - a scroll of enchant weapon
Potions
 d - a potion of might
 e - a potion of curing
 g - a potion of haste
 l - a potion of flight
 m - a potion of attraction
 n - 2 potions of invisibility
 r - a potion of mutation
 u - a potion of heal wounds {unknown}


   Skills:
 + Level 4.1 Fighting
 * Level 3.6 Long Blades
 * Level 4.9 Armour
 * Level 5.1 Shields
 + Level 1.4 Evocations


You had 5 spell levels left.
You didn't know any spells.
Your spell library was empty.

Dungeon Overview and Level Annotations

Branches:
Dungeon (5/15)
 Temple: D:4-7

Altars:
Fedhas
Gozag
Nemelex Xobeh
Vehumet
Wu Jian


Innate Abilities, Weirdness & Mutations

You are resistant to torment.
Your stone body is resilient. (AC +4)
You are immune to poison.
You resist negative energy. (rN+)
You are resistant to electric shocks. (rElec)
You can survive without breathing.
You are immune to petrification.
You are immune to miasma.


Message History

The orc is heavily wounded.
You block the orc's attack.
Your shield prevents you from hitting the orc.
The orc is heavily wounded.
You block the orc's attack.
You barely miss the orc.
The orc is heavily wounded.
The orc barely misses you.
You slash the orc!
You kill the orc!
You barely miss the ogre.
The ogre hits you with a +0 giant spiked club!!
Ouch! That really hurt!
You closely miss the ogre. The ogre barely misses you.
You riposte.
You barely miss the ogre. You slash the ogre!
The ogre is heavily wounded.
The ogre hits you with a +0 giant spiked club!!
Ouch! That really hurt!
You die...

### #..........#...##.##.#...##
..####...........#.#...#......#
<...#............#........#.###
.#..#..#................###.#
##....####.........##....####
##..O.##.......<.........#
##..........##........####
......o..#.....##......#
.....###.#.....O@....###
...............#####...#
..................##..###
..#......[.....#...##.#.#
..#................##...##
###......................##
#.........##............#
####.....###........#...#
###..## ###..#.####.##


You could see an ogre.

Vanquished Creatures
  Duvessa (D:4)
  Dowan (D:4)
  A jelly (D:3)
  2 orc wizards (D:3)
  2 worker ants
  3 adders
  A worm (D:3)
  4 dart slugs
  A leopard gecko (D:2)
  10 orcs
  11 bats
  4 giant cockroaches (D:1)
  6 goblins
  6 hobgoblins
  3 jackals (D:3)
  A quokka (D:3)
  4 frilled lizards
  7 kobolds
  A leopard gecko skeleton (D:4)
  A rat (D:1)
70 creatures vanquished.

Notes
Turn   | Place    | Note
-------+----------+-------------------------------------------
     0 | D:1      | timneilson the Gargoyle Fighter began the quest for the
                  | Orb.
     0 | D:1      | Reached XP level 1. HP: 14/14 MP: 1/1
   237 | D:1      | Reached XP level 2. HP: 19/19 MP: 2/2
   579 | D:1      | Reached XP level 3. HP: 23/23 MP: 3/3
  1091 | D:2      | Found a sparkling altar of Nemelex Xobeh.
  1400 | D:2      | Reached skill level 4 in Shields
  1455 | D:2      | Reached XP level 4. HP: 28/28 MP: 4/4
  1646 | D:2      | Found an ornate altar of the Wu Jian Council.
  1791 | D:3      | Found an opulent altar of Gozag.
  1924 | D:3      | Found a blossoming altar of Fedhas.
  2097 | D:3      | Reached XP level 5. HP: 33/33 MP: 5/5
  2518 | D:4      | Noticed Duvessa
  2518 | D:4      | Noticed Dowan
  2538 | D:4      | HP: 1/49 [Duvessa/+2 rapier of venom (7)]
  2543 | D:4      | Killed Duvessa
  2544 | D:4      | Reached skill level 1 in Evocations
  2544 | D:4      | Reached XP level 6. HP: 2/38 MP: 6/6
  2558 | D:4      | Killed Dowan
  2559 | D:4      | Reached skill level 5 in Shields
  3071 | D:4      | Found a radiant altar of Vehumet.
  3380 | D:5      | Entered Level 5 of the Dungeon
  3429 | D:4      | Mangled by an ogre

Illustrated notes

Levels and vault maps discovered:
D:1:      elethiomel_arrival_shortcut, layout_loops_corners,
          nrook_loot_triangle, kennysheep_small_spiral, solitary_fountain
D:2:      wander_river, layout_loops_ring, nicolae_overflow_crystal_walls,
          lemuel_coloured_pillars_altar
D:3:      layout_basic, fedhas_ov_isle_minmay, nicolae_gozag_seed_capital
D:4:      layout_cave_pools, lemuel_crystal_altar, uniq_duvessa
D:5:      layout_cave_pools, general_overflow_altar, grunt_qazlal_clouds

Skill      XL: |  1  2  3  4  5  6 |
---------------+-------------------+-----
Long Blades    | 2 3 |  3.6
Shields        | 4 5 |  5.1
Armour         | 4 |  4.9
Evocations     | 1 |  1.4
Fighting       | 4 |  4.1

Action                   |  1- 3 |  4- 6 || total
-------------------------+-------+-------++-------
Melee: Long sword        |    98 |   169 ||   267
  Use: Scroll            |     1 |    10 ||    11
       Potion            |       |     6 ||     6
Armor: Scale mail        |    78 |    92 ||   170
       Skin              |       |    10 ||    10
Dodge: Dodged            |    44 |    50 ||    94
Block: Kite shield       |    56 |   103 ||   159
       Rpst.: Long sword |    11 |    18 ||    29

Table legend: (Time is in decaauts)
 A = Elapsed time spent in this place.
 B = Non-inter-level travel time spent in this place.
 C = Inter-level travel time spent in this place.
 D = Time resting spent in this place.
 E = Time spent auto-exploring this place.
 F = Levels seen in this place.
 G = Mean time per level.
                   A        B        C        D        E       F      G
               +--------+--------+--------+--------+--------+-----+--------+
         Total |   3516 |   3431 |     85 |    276 |   2501 |   5 |  703.2 |
       Dungeon |   3516 |   3431 |     85 |    276 |   2501 |   5 |  703.2 |
               +--------+--------+--------+--------+--------+-----+--------+

Top non-repeatable levels by time:
     D:1: 1110 daAuts
     D:3: 1017 daAuts
     D:2: 726 daAuts
     D:4: 645 daAuts
     D:5: 16 daAuts
